AoeStats
← ogipochi_

Arena

505758418Analyzed
4v4 RM · 22d ago on Sep 10, 2026· 47m 36s· 8 players
Game mode
Random Map
Map size
Large (8 player)
Population
200
Speed
Normal
Resources
Standard
Victory
Conquest
Starting age
Dark Age
Ending age
Imperial Age
RankedLock teamsTeams togetherTeam positionsShared explorationLock speedFull tech treeHidden civsTurbo modeCheats
Victory
Defeat
🇨🇦 Cumans · Canada
717
+17
🇲🇽 Byzantines · Mexico
696
+17
🇬🇧 Franks · United Kingdom
669
+18
🇵🇪 Romans · Peru
621
+21
🇺🇸 Shu · United States
746
-18
🇯🇵 Jurchens · Japan
735
-19
🇧🇷 Britons · Brazil
711
-18
🇦🇷 Turks · Argentina
707
-18
Sn1p3eS
7:38 Loom
9:50 Feudal Age
10:43 Double-Bit Axe
17:53 Wheelbarrow
21:44 Castle Age
19:53 Town Watch
21:09 Stone Mining
21:03 Horse Collar
21:39 Fletching
21:52 Padded Archer Armor
23:03 Bow Saw
22:47 Elite Skirmisher
23:40 Capped Ram
26:26 Heavy Plow
26:45 Hand Cart
26:16 Pikeman
27:47 Thumb Ring
27:43 Bodkin Arrow
27:53 Gold Mining
28:45 Squires
33:08 Leather Archer Armor
33:01 Scale Barding Armor
32:46 Arson
37:17 Imperial Age
36:36 Town Patrol
36:52 Forging
36:42 Scale Mail Armor
38:55 Gold Shaft Mining
38:33 Cuman Mercenaries
38:14 Halberdier
40:51 Parthian Tactics
39:48 Heavy Cavalry Archer
44:08 Chemistry
43:29 Masonry
44:00 Ring Archer Armor
44:05 Iron Casting
43:46 Chain Mail Armor
43:51 Chain Barding Armor
45:00 Siege Ram
45:21 Elite Kipchak
47:17 Conscription
Roars
10:46 Feudal Age
12:04 Wheelbarrow
11:21 Double-Bit Axe
11:48 Loom
13:57 Gold Mining
14:00 Stone Mining
21:56 Castle Age
23:05 Hand Cart
23:04 Bow Saw
24:08 Gold Shaft Mining
24:51 Fortified Wall
28:56 Ballistics
31:44 Imperial Age
28:46 Pikeman
29:27 Squires
29:52 Elite Skirmisher
33:32 Chemistry
32:38 Siege Engineers
39:54 Elite Throwing Axeman
yabin.belrojo
14:18 Feudal Age
16:49 Horse Collar
17:17 Gold Mining
20:49 Castle Age
18:53 Stone Mining
18:57 Double-Bit Axe
23:21 Heavy Plow
28:52 Imperial Age
29:52 Wheelbarrow
28:51 Pikeman
35:07 Hand Cart
36:04 Crop Rotation
35:52 Halberdier
37:16 Gold Shaft Mining
37:19 Stone Shaft Mining
40:04 Conscription
40:40 Caravan
42:17 Onager
46:14 Elite Cataphract
Kyoka Suigetsu
12:44 Feudal Age
14:07 Wheelbarrow
13:16 Horse Collar
13:24 Double-Bit Axe
14:14 Gold Mining
22:30 Castle Age
22:33 Stone Mining
23:26 Hand Cart
23:13 Heavy Plow
23:25 Bow Saw
24:41 Loom
24:48 Loom
27:05 Gold Shaft Mining
26:18 Town Watch
28:05 Town Patrol
34:41 Imperial Age
33:45 Ballistas
33:48 Murder Holes
34:06 Fortified Wall
35:56 Crop Rotation
36:34 Chemistry
36:01 Heavy Scorpion
38:11 Pikeman
38:51 Squires
39:27 Forging
39:17 Scale Mail Armor
41:26 Iron Casting
41:06 Chain Mail Armor
41:48 Halberdier
43:32 Blast Furnace
Valhalla947040
0:28 Loom
11:15 Feudal Age
13:19 Horse Collar
14:19 Wheelbarrow
23:02 Castle Age
21:30 Padded Archer Armor
21:28 Fletching
22:20 Scale Mail Armor
22:25 Arson
27:04 Squires
28:27 Gambesons
31:00 Gold Mining
31:04 Double-Bit Axe
31:24 Heavy Plow
31:33 Stone Mining
33:19 Pikeman
48:23 Chain Mail Armor
ogipochi_
8:15 Loom
11:42 Feudal Age
9:58 Loom
12:20 Horse Collar
12:26 Double-Bit Axe
12:36 Gold Mining
12:37 Stone Mining
13:53 Wheelbarrow
18:28 Castle Age
18:53 Forging
18:49 Scale Barding Armor
19:48 Bow Saw
19:46 Town Watch
25:35 Gold Shaft Mining
28:36 Husbandry
28:46 Bloodlines
32:00 Imperial Age
30:44 Chain Barding Armor
31:28 Iron Casting
31:11 Squires
32:06 Fortified Bastions
32:04 Arson
32:06 Gambesons
33:16 Conscription
34:00 Blast Furnace
33:28 Scale Mail Armor
34:01 Elite Iron Pagoda
36:43 Plate Barding Armor
37:27 Chemistry
36:48 Ballistics
36:15 Elite Steppe Lancer
37:21 Chain Mail Armor
41:02 Hand Cart
40:48 Town Patrol
45:55 Caravan
DGHIR | HarryPoto
1:56 Loom
12:08 Feudal Age
13:15 Horse Collar
19:22 Wheelbarrow
18:48 Double-Bit Axe
21:12 Castle Age
20:04 Stone Mining
20:05 Gold Mining
25:22 Scale Barding Armor
25:28 Forging
31:55 Imperial Age
32:36 Bloodlines
33:48 Thumb Ring
34:07 Ballistics
34:23 Padded Archer Armor
35:24 Bow Saw
40:25 Murder Holes
40:32 Murder Holes
43:16 Elite Janissary
45:54 Fletching
46:20 Leather Archer Armor
46:28 Chain Barding Armor
46:43 Iron Casting
Forbraer
0:31 Loom
11:31 Feudal Age
11:55 Horse Collar
13:06 Double-Bit Axe
19:24 Castle Age
17:54 Stone Mining
18:31 Gold Mining
18:47 Fletching
20:40 Bow Saw
21:44 Gold Shaft Mining
26:43 Heavy Plow
33:14 Imperial Age
31:10 Squires
30:56 Arson
31:22 Pikeman
31:38 Elite Skirmisher
32:52 Bodkin Arrow
33:00 Padded Archer Armor
35:21 Leather Archer Armor
35:18 Forging
36:33 Halberdier
38:26 Wheelbarrow
38:38 Iron Casting
39:29 Two-Man Saw
39:28 Ring Archer Armor
38:51 Halberdier
41:08 Bracer
42:02 Hand Cart
42:05 Arson
44:19 Conscription
43:43 Elite Longbowman
44:30 Crossbowman
46:14 Arbalester
Connection lost

Rejoining the realm…

Still unreachable

The connection could not be restored.

Session expired

The server has moved on; the page needs a fresh start.